 Dungeon Crawl Stone Soup version 0.19-a0-1861-g35def1e (webtiles) character file.

540 Alarkh the Caller (level 7, 41/48 HPs)
             Began as a Mummy Summoner on Oct 12, 2016.
             Quit the game on level 5 of the Dungeon.
             The game lasted 00:10:59 (5926 turns).

Alarkh the Caller (Mummy Summoner)                  Turns: 5926, Time: 00:10:59

Health: 41/48      AC:  2    Str: 11    XL:     7   Next: 5%
Magic:  4/13       EV: 12    Int: 17    God:
Gold:   220        SH:  0    Dex: 12    Spells: 4 memorised, 4 levels left

rFire  x . .     SeeInvis +     k - +0 long sword
rCold  + . .     Gourm    .     a - +0 robe
rNeg   + + +     Faith    .     (no shield)
rPois  ∞         Spirit   .     (no helmet)
rElec  .         Dismiss  .     (no cloak)
rCorr  .         Reflect  .     (no gloves)
MR     .....     Harm     .     (no boots)
Stlth  ++........               (no amulet)
                                (no ring)
                                h - ring of see invisible

@: no status effects
A: no food or potions, fire vulnerability, cold resistance 1, negative energy
resistance 3, torment resistance, unbreathing
a: no special abilities


You were on level 5 of the Dungeon.
You were not hungry.

You visited 1 branch of the dungeon, and saw 5 of its levels.

You collected 220 gold pieces.

Inventory:

Hand Weapons
 e - a -3 dagger
 k - a +0 long sword (weapon)
Armour
 a - a +0 robe (worn)
Jewellery
 h - a ring of see invisible (left hand)
Wands
 i - a wand of heal wounds (2/9)
 l - a wand of teleportation (4/9)
Scrolls
 c - 4 scrolls of identify
 d - a scroll of enchant armour
 f - a scroll of recharging
 g - a scroll of blinking
 j - 2 scrolls of fog
 m - 4 scrolls of remove curse
 o - a scroll of immolation
Books
 b - a book of Callings

   Spells                             Type                      Level
   a - Summon Small Mammal            Summoning                    1
   b - Call Imp                       Summoning                    2
   c - Call Canine Familiar           Summoning                    3
   d - Summon Guardian Golem          Hexes/Summoning              3
   e - Summon Lightning Spire         Summoning/Air                4
   f - Summon Ice Beast               Ice/Summoning                4
 n - a book of Changes

   Spells                             Type                      Level
   a - Beastly Appendage              Transmutation                1
   b - Sticks to Snakes               Transmutation                2
   c - Spider Form                    Transmutation/Poison         3
   d - Ice Form                       Ice/Transmutation            4
   e - Blade Hands                    Transmutation                5


   Skills:
 + Level 1.4 Fighting
 + Level 0.1(0.9) Short Blades
 + Level 1.4(1.5) Long Blades
 + Level 2.3 Dodging
 + Level 2.6 Stealth
 + Level 0.4 Unarmed Combat
 + Level 4.0 Spellcasting
 + Level 5.0 Summonings


You had 4 spell levels left.
You knew the following spells:

 Your Spells              Type           Power        Failure   Level  Hunger
a - Call Canine Familiar  Summ           ###.....     8%          3    N/A
b - Summon Small Mammal   Summ           ###.         1%          1    N/A
c - Call Imp              Summ           ###.....     2%          2    N/A
d - Summon Ice Beast      Ice/Summ       ##......     58%         4    N/A

Dungeon Overview and Level Annotations

Branches:
Dungeon (5/15)             Temple (0/1) D:4

Altars:
Makhleb

Annotations:
D:2 1 runed door


Innate Abilities, Weirdness & Mutations

You do not eat or drink.
Your flesh is vulnerable to fire.
You are immune to poison.
Your flesh is cold resistant. (rC+)
You are immune to negative energy. (rN+++)
You are immune to unholy pain and torment.
You can survive without breathing.


Message History

You closely miss Grinder.
Grinder is almost dead.
Grinder says, "Mostly I couldn't keep them alive."
Grinder gestures at you. You resist with some effort.
Your iron imp hits Grinder but does no damage.
Your crimson imp hits Grinder but does no damage.
You hit Grinder.
Grinder is almost dead.
Grinder gestures at you.
You are unaffected.
Your crimson imp hits Grinder.
Your iron imp hits Grinder.
Grinder dies!
Your Spellcasting skill increases to level 4!
Your Summonings skill increases to level 5!
You have reached level 7!
Unknown command.
Your iron imp disappears in a puff of smoke!
A worker ant comes into view.
Your crimson imp disappears in a puff of smoke!
Are you sure you want to abandon this character and quit the game? (Confirm with "yes".)

#.# #.# #<#####.###
### #.##......# #.#
#.##......# #.#
#.##......#
#.####.##......#
#....#.#####.#########
#.....................
#.........##..@......#
#.........##.##.####.#
#.........##.# .#
#.##.........# .# .
#.##.#.####### .# .
#.##.#.# a# .
#.##.#.########.#
.##.##.#.#.........
...>...............


You could see a worker ant (sleeping).

Vanquished Creatures
  A centaur skeleton (D:4)
  2 adders (D:4)
  An ooze (D:1)
  An adder skeleton (D:4)
  3 dart slugs
  A leopard gecko (D:3)
  5 orcs (D:4)
  5 bats
  3 giant cockroaches
  A goblin (D:3)
  3 jackals (D:3)
  3 frilled lizards
  A quokka skeleton (D:4)
  5 rats
35 creatures vanquished.

Vanquished Creatures (collateral kills)
  Grinder (D:5)
  2 water moccasins
  An ogre (D:4)
  A gnoll shaman (D:4)
  Jessica (D:2)
  Natasha (thrice) (D:3)
  2 worker ants
  4 gnolls (D:4)
  2 adders
  5 worms
  3 dart slugs
  4 leopard geckos
  2 orcs (D:4)
  3 bats
  4 goblins
  4 hobgoblins
  A jackal (D:3)
  8 kobolds
  2 quokkas
  4 frilled lizards
  3 rats
60 creatures vanquished.

Vanquished Creatures (others)
  A frilled lizard (D:1)
1 creature vanquished.

Grand Total: 96 creatures vanquished

Notes
Turn   | Place    | Note
-------+----------+-------------------------------------------
     0 | D:1      | Alarkh the Mummy Summoner began the quest for the Orb.
     0 | D:1      | Reached XP level 1. HP: 13/13 MP: 3/3
   774 | D:1      | Reached XP level 2. HP: 7/19 MP: 1/5
  1821 | D:1      | Reached XP level 3. HP: 10/24 MP: 1/6
  1826 | D:1      | Learned a level 3 spell: Call Canine Familiar
  1829 | D:1      | Learned a level 2 spell: Call Imp
  2237 | D:2      | Noticed Jessica
  2451 | D:2      | Killed Jessica
  2451 | D:2      | Reached XP level 4. HP: 20/30 MP: 1/8
  2974 | D:2      | Found a runed door.
  3218 | D:3      | Noticed Natasha
  3245 | D:3      | Killed Natasha
  3492 | D:3      | Noticed a water moccasin
  3517 | D:3      | Killed a water moccasin
  3517 | D:3      | Reached skill level 4 in Summonings
  3517 | D:3      | Reached XP level 5. HP: 9/36 MP: 0/9
  3789 | D:3      | Reached skill level 1 in Fighting
  3862 | D:3      | Found a burning altar of Makhleb.
  4021 | D:3      | Noticed Natasha
  4035 | D:3      | Killed Natasha
  4035 | D:3      | Reached skill level 1 in Long Blades
  4206 | D:3      | Noticed Natasha
  4217 | D:3      | Killed Natasha
  4482 | D:4      | Noticed an ogre
  4502 | D:4      | Killed an ogre
  4650 | D:4      | Reached XP level 6. HP: 38/43 MP: 7/11
  4928 | D:4      | Found a staircase to the Ecumenical Temple.
  5456 | D:4      | Learned a level 4 spell: Summon Ice Beast
  5472 | D:5      | Entered Level 5 of the Dungeon
  5488 | D:5      | Noticed a water moccasin
  5504 | D:4      | Killed a water moccasin
  5599 | D:5      | Noticed Grinder
  5599 | D:5      | Paralysed by Grinder for 5 turns
  5639 | D:5      | Paralysed by Grinder for 3 turns
  5915 | D:5      | Killed Grinder
  5915 | D:5      | Reached skill level 5 in Summonings
  5915 | D:5      | Reached XP level 7. HP: 39/48 MP: 3/13
  5926 | D:5      | Quit the game

Vault maps used:
D:1:      dpeg_arrival_boxorama, minmay_misc_feat_encased
D:2:      uniq_crazy_yiuf_cottage, uniq_jessica
D:3:      bloody_makhleb, first_bread, uniq_natasha
D:4:      minmay_misc_feat_pillars, minmay_hedge_maze
D:5:      nicolae_dithmenos_the_darkroom, uniq_sigmund, uniq_grinder,
          uniq_duvessa, uniq_menkaure

Skill      XL: |  1  2  3  4  5  6 |
---------------+-------------------+-----
Stealth        | 2 |  2.6
Dodging        | 2 |  2.3
Spellcasting   | 3 4 |  4.0
Summonings     | 4 5 |  5.0
Fighting       | 1 |  1.4
Long Blades    | 1 |  1.4
Short Blades   | |  0.1
Unarmed Combat | |  0.4

Action                   |  1- 3 |  4- 6 |  7- 9 || total
-------------------------+-------+-------+-------++-------
Melee: Unarmed           |    77 |       |       ||    77
       Dagger            |    35 |     7 |       ||    42
       Long sword        |       |   109 |       ||   109
 Cast: Summon Small Mamm |    40 |       |       ||    40
       Call Canine Famil |    10 |    35 |       ||    45
       Call Imp          |       |    22 |       ||    22
  Use: Scroll            |     3 |     6 |       ||     9
 Stab: Sleeping          |     3 |     4 |       ||     7
Armor: Robe              |    24 |     9 |       ||    33
Dodge: Dodged            |    98 |   111 |       ||   209
       Rpst.: Long sword |       |    30 |       ||    30
